 Dungeon Crawl Stone Soup version 0.19-a0-526-gbe2e51c (webtiles) character file.

1372 nubinia the Firebug (level 8, -8/56 HPs)
             Began as a Demonspawn Fire Elementalist on June 7, 2016.
             Was a Follower of Hepliaklqana.
             Killed by divine providence
             ... invoked by an orc priest
              (16 damage)
             ... on level 6 of the Dungeon.
             The game lasted 00:37:52 (7748 turns).

nubinia the Firebug (Demonspawn Fire Elementalist)  Turns: 7748, Time: 00:37:53

Health: -8/56      AC:  8    Str:  9    XL:     8   Next: 38%
Magic:  9/15       EV: 14    Int: 19    God:    Hepliaklqana [*.....]
Gold:   423        SH:  0    Dex: 13    Spells: 4 memorised, 6 levels left

rFire  . . .     SeeInvis .     h - +2 whip (drain)
rCold  . . .     Gourm    .     a - +0 robe
rNeg   . . .     Faith    .     (no shield)
rPois  .         Spirit   .     (helmet restricted)
rElec  .         Dismiss  .     (no cloak)
rCorr  .         Reflect  .     (no gloves)
SustAt .         Harm     .     (no boots)
MR     .....                    (no amulet)
Stlth  +++.......               (no ring)
                                (no ring)

@: sanguine armour, not resistant to hostile enchantments, fairly stealthy
A: antennae 2, nightstalker 1, sanguine armour 1
a: Recall Ancestor, Ancestor Identity, Renounce Religion


You were on level 6 of the Dungeon.
You worshipped Hepliaklqana.
Hepliaklqana was aware of your devotion.
You were hungry.

You visited 1 branch of the dungeon, and saw 6 of its levels.

You collected 423 gold pieces.

Inventory:

Hand Weapons
 g - a +0 dagger
 h - a +2 whip of draining (weapon)
 l - a +0 shortbow of evasion
Armour
 a - a +0 robe (worn)
 r - a +0 helmet
Wands
 f - a wand of confusion (20/48)
 v - a wand of flame (44/48)
Scrolls
 e - 2 scrolls of magic mapping
 j - a scroll of remove curse
 y - a scroll of immolation
Potions
 d - 2 potions of might
 m - a potion of ambrosia
 p - 2 potions of agility
 w - a potion of mutation
Books
 b - a book of Flames

   Spells                             Type                      Level
   a - Flame Tongue                   Conjuration/Fire             1
   b - Throw Flame                    Conjuration/Fire             2
   c - Conjure Flame                  Conjuration/Fire             3
   d - Inner Flame                    Hexes/Fire                   3
   e - Sticky Flame                   Conjuration/Fire             4
   f - Fireball                       Conjuration/Fire             5
Comestibles
 c - 4 bread rations
 i - a meat ration
 t - 2 beef jerkies


   Skills:
 + Level 2.0 Fighting
 + Level 1.4 Maces & Flails
 + Level 4.2 Dodging
 + Level 3.7 Stealth
 + Level 4.7 Spellcasting
 + Level 4.3 Conjurations
 + Level 5.2 Fire Magic


You had 6 spell levels left.
You knew the following spells:

 Your Spells              Type           Power        Failure   Level  Hunger
a - Flame Tongue          Conj/Fire      ###..        1%          1    None
b - Throw Flame           Conj/Fire      ###...       3%          2    #......
c - Conjure Flame         Conj/Fire      ###.....     8%          3    ###....
d - Sticky Flame          Conj/Fire      ###.....     21%         4    ####...


Dungeon Overview and Level Annotations

Branches:
Dungeon (6/15)
 Temple: D:4-7

Altars:
Hepliaklqana
Nemelex Xobeh
Xom

Shops:
D:6 %

Annotations:
D:5 exclusions: orc priest and orc warrior, Dowan, Duvessa


Innate Abilities, Weirdness & Mutations

You have a pair of antennae on your head.
You are slightly more attuned to the shadows.
When seriously injured, your bleeding wounds create armour. (AC +6)


Message History

Okay, then.
The giant gecko misses you.
You see here 12 arrows.
Agathoclea has departed this plane of existence.
The sentinel's mark upon you fades away.
The giant gecko misses you.
An ice beast and an orc priest come into view.
The orc priest shouts!
A giant frog comes into view.
The orc wizard mumbles some strange words.
The orc wizard blinks!
The giant gecko barely misses you.
The orc priest invokes the aid of Beogh against you.
Beogh smites you!
The orc priest mumbles some strange prayers to Beogh against you.
Beogh smites you!
* * * LOW HITPOINT WARNING * * *
The giant frog closely misses you.
The orc priest mumbles some strange prayers to Beogh against you.
Beogh smites you!
You die...

##### #.> ##...# #.....# #..
#######....# #.....#####..
#.......∩..# #...... .....
#.........(# #....g# #...
#.........)# #.....# #
#.......))## #.....# #
#.........########.#########
#..(.....lF@......g...o.)...
#.(....o..########.#########
#(....o...# #.#
####...).c...# ..#
#(.......o...# #...
##.(#####..### #.##
##.{...S#..# .. #..{.oo##.#
#####..##.#


You could see a giant frog, a centaur, 2 orc priests, an orc and a giant gecko.

Vanquished Creatures
  Edmund (D:6)
  An ice beast (D:5)
  An ogre (D:4)
  A scorpion (D:6)
  A water moccasin skeleton (D:4)
  A howler monkey (D:5)
  2 crimson imps
  2 hounds
  A gnoll shaman (D:6)
  3 orc priests (D:3)
  2 orc wizards (D:3)
  A worker ant (D:4)
  6 gnolls
  7 adders
  A shadow imp (D:5)
  3 oozes
  A worm (D:2)
  2 dart slugs (D:3)
  4 giant geckos
  16 orcs
  11 bats
  6 giant cockroaches
  14 goblins
  9 hobgoblins
  11 jackals
  6 kobolds
  A quokka (D:4)
  2 ball pythons
  A giant gecko skeleton (D:5)
  5 giant newts
  A jackal skeleton (D:5)
  12 rats
136 creatures vanquished.

Vanquished Creatures (collateral kills)
  An ogre (D:5)
  A centaur (D:6)
  A giant frog (D:6)
  2 crimson imps
  A hound zombie (D:4)
  A gnoll (D:6)
  An adder (D:5)
  A worm (D:4)
  A giant gecko (D:4)
  3 quokkas
13 creatures vanquished.

Vanquished Creatures (others)
  2 ancestors
2 creatures vanquished.

Grand Total: 151 creatures vanquished

Notes
Turn   | Place    | Note
--------------------------------------------------------------
     0 | D:1      | nubinia the Demonspawn Fire Elementalist began the quest for the Orb.
     0 | D:1      | Reached XP level 1. HP: 13/13 MP: 3/3
   321 | D:1      | Reached skill level 3 in Fire Magic
   321 | D:1      | Gained mutation: You are slightly more attuned to the shadows. [demonic ancestry]
   321 | D:1      | Reached XP level 2. HP: 19/19 MP: 0/5
   898 | D:1      | Gained mutation: When seriously injured, your bleeding wounds create armour. (AC +6) [demonic ancestry]
   898 | D:1      | Reached XP level 3. HP: 17/24 MP: 0/6
   982 | D:1      | Learned a level 2 spell: Throw Flame
   986 | D:1      | Learned a level 3 spell: Conjure Flame
  1984 | D:2      | Reached XP level 4. HP: 29/31 MP: 0/8
  3117 | D:2      | Gained mutation: You have a pair of small antennae on your head. [demonic ancestry]
  3117 | D:2      | Reached XP level 5. HP: 36/36 MP: 2/9
  3479 | D:3      | Found a shimmering altar of Xom.
  3947 | D:3      | Reached skill level 1 in Maces & Flails
  4402 | D:3      | Gained mutation: You have a pair of antennae on your head. [demonic ancestry]
  4402 | D:3      | Reached XP level 6. HP: 42/42 MP: 6/10
  4664 | D:3      | Reached skill level 4 in Fire Magic
  5284 | D:3      | Found a hazy altar of Hepliaklqana.
  5287 | D:3      | Became a worshipper of Hepliaklqana
  5385 | D:4      | Found a sparkling altar of Nemelex Xobeh.
  5729 | D:4      | Reached skill level 1 in Fighting
  5729 | D:4      | Reached XP level 7. HP: 9/48 MP: 7/12
  5734 | D:4      | HP: 2/48 [worker ant (7)]
  6418 | D:5      | Entered Level 5 of the Dungeon
  6485 | D:5      | Reached * piety under Hepliaklqana
  6644 | D:5      | Learned a level 4 spell: Sticky Flame
  6862 | D:5      | Noticed Duvessa
  7364 | D:5      | Noticed Dowan
  7422 | D:6      | Found Pounn's Food Emporium.
  7440 | D:6      | Reached skill level 5 in Fire Magic
  7440 | D:6      | Reached XP level 8. HP: 7/55 MP: 2/14
  7717 | D:6      | Noticed Edmund
  7733 | D:6      | Killed Edmund
  7748 | D:6      | Killed from afar by an orc priest

Vault maps used:
D:1:      dpeg_arrival_castle, minmay_cut_off
D:3:      xom_butterflies, marbit_many_paths
D:4:      kennysheep_mini
D:5:      first_bread, uniq_duvessa
D:6:      grunt_temple_overflow_diamond, serial_shops, shop_coins, uniq_edmund

Skill      XL: |  1  2  3  4  5  6  7  8 |
---------------+-------------------------+-----
Fire Magic     | 3 4 5 |  5.2
Stealth        | 2 3 |  3.7
Dodging        | 2 3 4 |  4.2
Conjurations   | 2 3 4 |  4.3
Spellcasting   | 3 4 |  4.7
Maces & Flails | 1 |  1.4
Fighting       | 1 2 |  2.0

Action                   |  1- 3 |  4- 6 |  7- 9 || total
-------------------------+-------+-------+-------++-------
Melee: Unarmed           |     3 |       |       ||     3
       Dagger            |    50 |       |       ||    50
       Whip              |       |    73 |    80 ||   153
 Cast: Flame Tongue      |    68 |    91 |    53 ||   212
       Throw Flame       |     4 |    32 |     9 ||    45
       Sticky Flame      |       |       |     3 ||     3
Invok: Recall Ancestor   |       |       |     1 ||     1
  Use: Potion            |     1 |       |     5 ||     6
       Scroll            |       |     8 |     2 ||    10
 Stab: Sleeping          |     3 |     6 |     2 ||    11
       Distracted        |       |       |     3 ||     3
  Eat: Chunk             |     4 |    13 |     6 ||    23
       Pizza             |       |       |     1 ||     1
Armor: Robe              |    29 |    15 |    13 ||    57
Dodge: Dodged            |    45 |    59 |    73 ||   177
